Map: Dusty Gorge

Players

olivier

  • Race: Terran Terran
  • League: Gold
  • Spawn Location: 9:00

Conte

  • Race: Protoss Protoss
  • League: Gold
  • Spawn Location: 11:00

ssjwolf - Winner!

  • Race: Zerg Zerg
  • League: Platinum
  • Spawn Location: 3:00

ILIEKEGGPIE - Winner!

  • Race: Protoss Protoss
  • League: Platinum
  • Spawn Location: 5:00

VOD

Have the link to the VOD?

Description

Time

  • Played on: April 27, 2018, 3:37 p.m.
  • Length: 17:32
Show
View Real Time Build Order
Export as new Build Order

olivier Terran 

Build Orders:  

Get SALT Encoding   

  12  0:01  SCV  
  13  0:13  SCV  
  14  0:20  Supply Depot  
  14  0:25  SCV  
  15  0:42  SCV  
  16  0:46  Barracks  
  16  0:54  SCV  
  17  0:59  Barracks  
  17  1:07  Refinery  
  17  1:09  SCV  
  18  1:21  SCV  
  19  1:34  Marine, SCV  
  19  1:39  Supply Depot  
  21  1:46  SCV  
  22  2:06  Orbital Command, Supply Depot  
  22  2:07  Refinery  
  22  2:18  Marine  
  22  2:20  Marine  
  24  2:31  Factory  
  24  2:36  Marine  
  25  2:38  Marine  
  26  2:47  SCV  
  27  2:54  Marine  
  28  2:59  SCV  
  29  3:08  Command Center  
  29  3:11  SCV  
  30  3:17  Factory Tech Lab  
  30  3:18  Armory  
  30  3:33  Barracks Tech Lab  
  30  3:35  Barracks Tech Lab  
  30  3:44  SCV  
  31  3:56  SCV  
  32  4:06  Refinery  
  32  4:10  Factory  
  32  4:11  Thor  
  38  4:22  Refinery  
  38  4:24  SCV  
  39  4:39  SCV  
  40  4:51  SCV  
  41  4:53  Thor  
  41  4:59  Factory Tech Lab  
  47  5:04  Supply Depot  
  47  5:13  Orbital Command  
  47  5:27  Supply Depot  
  47  5:31  Thor  
  53  5:42  Terran Vehicle Weapons Level 1  
  53  5:57  Starport  
  53  5:59  Thor  
  59  6:17  Thor  
  65  6:30  SCV  
  66  6:42  SCV  
  66  6:45  Siege Tank  
  70  6:54  Starport Tech Lab  
  70  7:00  SCV, Siege Tank  
  74  7:04  SCV  
  75  7:12  SCV  
  76  7:17  Siege Tank  
  79  7:32  Siege Tank  
  82  8:04  Thor  
  40  8:56  Thor  
  40  8:58  Siege Tank  
  40  9:00  Medivac  
  40  9:02  Marine  
  52  9:03  Marine  
  53  9:20  Terran Vehicle Weapons Level 2, Marine  
  53  9:21  Marine  
  55  9:27  Combat Shields  
  55  9:37  Marine  
  55  9:38  Siege Tank  
  59  9:39  Marine, Thor  
  66  9:46  Medivac  
  68  9:53  SCV  
  68  9:55  Marine  
  68  9:57  Marine  
  68  9:59  Supply Depot  
  71  10:13  Marine  
  72  10:15  Marine  
  72  10:18  Siege Tank  
  76  10:22  Thor  
  82  10:42  Marine x2  
  84  10:50  Siege Tank  
  87  11:00  Marine x2  
  89  11:10  Siege Tank  
  92  11:17  Marine  
  92  11:18  Marine  
  94  11:22  Siege Tank  
  97  11:31  Supply Depot  
  97  11:41  Liberator, Thor  
  103  11:54  Thor  
  112  12:04  Starport  
  112  12:07  Terran Vehicle Weapons Level 3  
  112  12:24  Siege Tank  
  115  13:25  Liberator  
  115  13:33  Marine  
  116  13:35  Marine  
  116  13:39  Starport Tech Lab  
  117  13:44  Thor  
  114  13:48  Thor, Supply Depot  
  114  13:51  Marine  
  114  13:53  Marine  
  113  14:09  Marine  
  114  14:10  Marine  
  115  14:27  Marine  
  115  14:28  Marine  
  117  14:44  Marine  
  118  14:46  Marine  
Show
View Real Time Build Order
Export as new Build Order

Conte Protoss 

Build Orders: Cannon Rush 

Get SALT Encoding   

  12  0:02  Probe  
  13  0:17  Pylon  
  13  0:19  Probe  
  14  0:36  Forge  
  14  0:39  Probe  
  15  0:51  Probe  
  16  1:13  Photon Cannon  
  16  1:14  Photon Cannon  
  16  1:15  Photon Cannon  
  16  1:32  Probe  
  17  1:44  Probe  
  18  2:03  Nexus  
  18  2:21  Assimilator  
  18  2:37  Gateway  
  18  2:53  Assimilator  
  18  2:58  Assimilator  
  18  3:05  Probe  
  19  3:17  Probe  
  20  3:23  Assimilator  
  20  3:38  Cybernetics Core  
  20  3:51  Probe  
  21  3:56  Probe  
  22  4:04  Probe  
  22  4:08  Probe  
  24  4:16  Probe  
  25  4:21  Stargate  
  25  4:22  Stargate  
  25  4:28  Shield Battery  
  25  4:30  Pylon  
  25  4:39  Probe  
  26  4:49  Stargate  
  26  4:51  Probe  
  27  4:54  Probe  
  28  5:03  Probe  
  28  5:05  Phoenix  
  28  5:06  Probe  
  32  5:07  Void Ray  
  36  5:16  Probe  
  37  5:28  Probe  
  38  5:31  Pylon  
  38  5:35  Pylon  
  38  5:36  Void Ray  
  38  5:38  Pylon  
  42  5:42  Void Ray  
  46  6:06  Void Ray  
  50  6:21  Void Ray  
  54  6:41  Void Ray x2  
  60  6:55  Protoss Air Weapons Level 1  
  60  6:57  Protoss Shields Level 1  
  60  7:02  Void Ray  
  64  7:39  Void Ray  
  68  7:48  Pylon  
  68  7:50  Pylon  
  68  8:06  Void Ray  
  72  8:40  Void Ray x2  
  76  8:49  Void Ray  
  48  9:14  Protoss Air Armor Level 1  
  48  9:32  Void Ray  
  48  9:33  Void Ray x2  
  60  10:17  Nexus  
  60  10:23  Assimilator  
  60  10:25  Void Ray x2  
  60  10:26  Void Ray  
  60  10:27  Assimilator  
  72  11:13  Void Ray  
  72  11:14  Void Ray  
  72  11:16  Void Ray  
  84  11:27  Pylon  
  84  11:29  Pylon  
  84  11:34  Probe  
  85  11:46  Probe  
  86  11:58  Probe  
  87  12:02  Void Ray  
  87  12:03  Void Ray  
  95  12:10  Probe  
  96  12:22  Probe  
  96  12:34  Probe  
  39  13:04  Void Ray x2  
  39  13:05  Void Ray  
  51  13:46  Stargate  
  51  13:47  Stargate  
  51  13:59  Nexus  
  51  14:06  Void Ray x2  
  51  14:07  Void Ray  
  43  15:11  Phoenix x3  
  43  15:12  Phoenix x2  
  53  15:45  Phoenix  
  53  15:46  Phoenix x4  
  63  15:53  Stargate  
  63  15:54  Stargate x2  
  63  15:58  Stargate  
  63  15:59  Stargate, Probe  
  64  16:05  Assimilator  
  64  16:09  Assimilator  
  64  16:11  Probe  
  65  16:23  Probe  
Show
View Real Time Build Order
Export as new Build Order

ssjwolf Zerg - Winner!

Build Orders: Hatch First, Muta Ling Bane 

Get SALT Encoding   

  12  0:01  Drone  
  13  0:15  Drone  
  13  0:19  Extractor  
  13  0:22  Extractor  
  13  0:23  Drone x2  
  16  0:51  Hatchery, Overlord  
  15  1:11  Drone x3  
  18  1:19  Spawning Pool  
  18  1:20  Extractor  
  18  1:22  Drone  
  17  1:39  Drone  
  18  1:58  Overlord  
  18  1:59  Drone  
  19  2:06  Queen  
  19  2:08  Queen  
  23  2:10  Drone  
  23  2:11  Drone  
  25  2:31  Metabolic Boost  
  25  2:35  Drone x3  
  28  2:39  Drone x2  
  28  2:40  Zergling x2  
  31  2:49  Drone  
  32  2:55  Drone, Extractor  
  32  3:25  Lair  
  32  3:28  Evolution Chamber  
  32  3:30  Baneling Nest, Drone x2  
  32  3:32  Drone x2  
  34  3:36  Spore Crawler  
  34  3:39  Drone x2  
  34  3:40  Spore Crawler, Drone x2  
  36  3:42  Overlord  
  35  3:54  Zerg Melee Weapons Level 1  
  35  4:04  Drone x2  
  37  4:10  Drone x3  
  37  4:13  Overlord  
  37  4:14  Hatchery  
  39  4:20  Queen  
  41  4:26  Queen  
  43  4:47  Drone x3  
  43  4:48  Drone x3  
  43  4:50  Extractor  
  43  4:51  Overlord x2  
  48  4:54  Centrifical Hooks  
  48  5:02  Spire  
  47  5:12  Roach Warren  
  46  5:20  Drone  
  46  5:21  Drone x3  
  49  5:22  Drone  
  49  5:25  Extractor  
  50  5:40  Drone x3  
  50  5:42  Spore Crawler, Drone  
  53  5:48  Spore Crawler  
  52  6:07  Glial Reconstitution  
  52  6:10  Zerg Missile Weapons Level 1  
  52  6:14  Zerg Flyer Weapons Level 1  
  52  6:15  Evolution Chamber  
  51  6:21  Queen  
  51  6:24  Drone x3  
  56  6:27  Drone x5  
  56  6:28  Drone x4  
  65  6:53  Spore Crawler  
  64  6:57  Spore Crawler  
  63  7:03  Spine Crawler  
  62  7:10  Zerg Ground Armor Level 1  
  62  7:12  Roach  
  62  7:13  Overlord  
  62  7:14  Overlord x4  
  64  7:46  Mutalisk x12  
  64  7:49  Zergling x20  
  64  7:50  Zergling x6  
  101  7:56  Zergling x2  
  102  8:00  Ravager  
  103  8:10  Baneling  
  103  8:11  Baneling x4  
  103  8:13  Mutalisk  
  103  8:15  Zergling x2  
  103  8:16  Overlord x3  
  92  8:45  Zergling x12  
  92  8:46  Zergling x4  
  64  9:24  Hatchery  
  63  9:41  Mutalisk  
  63  9:42  Mutalisk x8  
  63  9:43  Zergling x2  
  63  9:44  Zergling x8  
  86  9:47  Hatchery  
  85  9:54  Hatchery  
  85  9:56  Zerg Missile Weapons Level 2  
  84  10:00  Hatchery  
  83  10:27  Mutalisk x4  
  91  10:30  Overlord x3  
  91  10:42  Hatchery  
  82  11:23  Baneling x5  
  82  11:24  Baneling x5  
  82  11:33  Queen  
  82  11:34  Drone x2  
  82  11:35  Drone  
  82  11:36  Drone x2  
  82  11:37  Drone, Queen  
  82  11:38  Queen  
  82  11:39  Drone  
  97  11:40  Drone x2  
  97  11:58  Drone x2  
  97  11:59  Drone x2  
  97  12:00  Drone  
  102  12:04  Extractor  
  102  12:06  Extractor  
  100  12:13  Infestation Pit  
  100  12:15  Zerg Ground Armor Level 2  
  99  12:17  Zerg Melee Weapons Level 2  
  99  12:20  Overlord x4  
  99  12:22  Overlord  
  99  12:25  Zerg Flyer Weapons Level 2  
  99  12:29  Corruptor x4  
  103  13:01  Drone x3  
  104  13:06  Mutalisk  
  104  13:07  Mutalisk x3  
  104  13:09  Zergling x30  
  104  13:10  Zergling x8  
  131  13:44  Drone  
  131  13:45  Drone x2  
  131  13:46  Drone  
  131  13:47  Drone x2  
  137  13:50  Drone x3  
  137  13:52  Spore Crawler  
  139  13:56  Spine Crawler  
  139  13:59  Spine Crawler  
  137  14:29  Drone  
  137  14:30  Drone x4  
  142  14:35  Hive  
  104  15:20  Zergling x28  
  104  15:21  Zergling x44  
  121  15:22  Zergling x28  
  121  15:27  Queen  
  140  15:49  Mutalisk  
  140  15:50  Mutalisk x17  
  140  15:51  Mutalisk  
  178  15:57  Adrenal Glands  
  178  15:58  Extractor  
  178  16:01  Baneling, Extractor  
  178  16:02  Baneling x5  
Show
View Real Time Build Order
Export as new Build Order

ILIEKEGGPIE Protoss - Winner!

Build Orders: Double Forge, Blink Stalkers 

Get SALT Encoding   

  12  0:00  Probe  
  13  0:13  Probe  
  14  0:21  Pylon  
  14  0:26  Probe  
  15  0:35  Probe  
  16  0:43  Gateway, Probe  
  17  0:50  Assimilator  
  17  0:57  Probe  
  18  1:09  Probe  
  19  1:18  Pylon  
  19  1:21  Probe  
  20  1:33  Probe  
  20  1:34  Assimilator  
  21  1:40  Cybernetics Core  
  21  1:45  Probe  
  22  1:58  Probe  
  23  2:09  Gateway  
  23  2:21  Assimilator  
  23  2:26  Warp Gate  
  22  2:31  Nexus, Probe  
  23  2:44  Probe  
  24  2:54  Twilight Council  
  24  2:55  Stalker  
  26  3:06  Stalker  
  28  3:14  Pylon  
  28  3:16  Stalker  
  30  3:30  Probe  
  31  3:38  Probe  
  31  3:40  Probe  
  31  3:46  Probe  
  33  3:48  Probe  
  33  3:52  Blink  
  33  3:54  Probe  
  35  3:58  Probe  
  37  4:05  Robotics Facility  
  37  4:07  Sentry  
  37  4:09  Stalker  
  41  4:26  Probe x2  
  43  4:38  Probe x2  
  45  4:45  Forge  
  45  4:46  Observer  
  45  4:47  Forge  
  45  4:50  Probe x2  
  45  4:51  Gateway  
  48  5:01  Assimilator  
  48  5:02  Probe x2  
  48  5:04  Assimilator  
  48  5:05  Pylon  
  50  5:08  Observer  
  50  5:09  Protoss Ground Armor Level 1  
  51  5:14  Probe x2  
  51  5:17  Protoss Ground Weapons Level 1  
  53  5:21  Gateway  
  53  5:22  Gateway  
  53  5:24  Pylon  
  53  5:26  Probe  
  54  5:31  Observer  
  54  5:34  Probe  
  56  5:38  Probe  
  57  5:46  Probe  
  58  5:50  Probe  
  58  5:56  Nexus  
  59  5:58  Probe  
  60  6:06  Stalker x3  
  66  6:12  Photon Cannon  
  66  6:19  Photon Cannon  
  66  6:22  Photon Cannon  
  66  6:27  Pylon  
  66  6:30  Pylon  
  66  6:40  Stalker x2  
  69  6:58  Immortal  
  73  7:09  Probe x3  
  73  7:10  Assimilator, Protoss Ground Weapons Level 2  
  73  7:13  Protoss Ground Armor Level 2, Stalker x2  
  73  7:14  Stalker x2  
  73  7:15  Assimilator  
  84  7:21  Probe  
  85  7:29  Immortal  
  85  7:33  Probe x3  
  92  7:58  Stalker x4  
  94  8:02  Pylon  
  100  8:06  Pylon  
  100  8:19  Pylon  
  100  8:21  Pylon  
  78  9:04  Stalker x2  
  78  9:05  Stalker x3  
  78  9:06  Probe x3  
  89  9:18  Probe x3  
  92  9:30  Stalker, Probe  
  92  9:31  Stalker x2  
  99  9:32  Stalker  
  99  9:36  Gateway x2  
  99  9:38  Pylon  
  101  9:40  Gateway  
  101  9:43  Gateway  
  101  9:45  Stalker  
  103  9:46  Protoss Ground Weapons Level 3, Protoss Ground Armor Level 3  
  103  9:53  Probe  
  103  9:55  Pylon  
  104  10:03  Pylon  
  104  10:08  Gateway  
  104  10:09  Gateway  
  104  10:10  Gateway  
  104  10:11  Gateway  
  104  10:14  Templar Archives  
  104  10:38  Nexus  
  104  10:41  Pylon  
  104  10:43  Pylon  
  104  10:51  Charge  
  104  10:55  Psionic Storm  
  104  11:09  Robotics Facility  
  104  11:14  Gateway  
  104  11:23  Assimilator  
  104  11:26  Assimilator  
  104  11:32  Pylon  
  104  11:36  Immortal  
  108  11:40  Pylon  
  108  11:43  Robotics Facility  
  108  11:48  Stalker x5  
  108  11:49  High Templar x3  
  108  11:50  High Templar x3  
  108  11:51  High Templar x2  
  134  12:00  Probe  
  134  12:01  Probe  
  136  12:15  Immortal x2  
  144  12:37  Archon x2  
  104  12:49  Stalker x3  
  104  12:50  Stalker x4  
  104  12:51  Stalker x4  
  122  13:20  Zealot  
  122  13:21  Zealot x3, High Templar  
  122  13:22  High Templar x3  
  122  13:23  Zealot x3  
  144  13:39  Nexus  
  144  13:40  Pylon  
  144  13:43  Pylon  
  130  14:01  Robotics Bay  
  124  14:09  Gateway x2  
  124  14:14  Gateway  
  124  14:16  Photon Cannon  
  124  14:19  Zealot x4, Photon Cannon  
  124  14:21  Sentry x4  
  124  14:22  High Templar x2  
  124  14:23  Assimilator, High Templar x3  
  150  14:28  Assimilator  
  149  14:48  Colossus x3  
  149  14:52  Protoss Shields Level 1  
  167  15:26  Probe  
  168  15:38  Probe  
  168  15:42  Colossus x2  
  181  15:44  Zealot x5  
  181  15:45  Zealot x4  
  199  15:50  Probe  
  188  16:24  Pylon  
  188  16:25  Pylon  
  188  16:45  Archon x2  
  188  16:51  Archon  
  188  16:52  Archon  
Tags
 
Add a new tag
Caveats
  • Supply blocks, unpowered buildings, or Contaminate may cause inaccurate times.
  • Supply counts are checked every 10 seconds.